 Dungeon Crawl Stone Soup version 0.26-a0-34-g9e0bf03589 (webtiles) character file.

Game seed: 17190243121446703262, levelgen mode: deterministic

10566 tyburn the Cleaver (level 11, -17/85 HPs)
             Began as a Formicid Abyssal Knight on May 29, 2020.
             Was a High Priest of Lugonu.
             Killed by refrigeration
             ... invoked by Fannar
              (29 damage)
             ... on level 11 of the Dungeon.
             The game lasted 00:47:55 (14640 turns).

tyburn the Cleaver (Formicid Abyssal Knight)       Turns: 14640, Time: 00:47:56

Health: -17/85     AC: 25    Str: 22      XL:     11   Next: 95%
Magic:  17/17      EV:  8    Int: 13 (14) God:    Lugonu [*****.]
Gold:   688        SH: 14    Dex: 10      Spells: 10/10 levels left

rFire    . . .     SeeInvis +   N - +1 broad axe
rCold    . . .     Gourm    .   M - +3 kite shield {AC+3}
rNeg     . . .     Faith    .   I - +6 chain mail of the Shrike {MR+ Str+2}
rPois    .         Spirit   .   (helmet unavailable)
rElec    .         Reflect  .   H - +0 cloak
rCorr    .         Harm     .   a - +3 pair of gauntlets of War {Slay+5}
MR       +++..                  (no boots)
Stlth    ..........             (no amulet)
HPRegen  0.24/turn              (no ring)
MPRegen  0.15/turn              z - ring of protection from magic

@: no status effects
A: permanent stasis, dig shafts and tunnels, four strong arms, antennae 3,
clever 1, deterioration 1
a: Dig, Shaft Self, Depart the Abyss, Bend Space, Banish, Corrupt, Enter the
Abyss, Renounce Religion


You were on level 11 of the Dungeon.
You worshipped Lugonu.
Lugonu was extremely pleased with you.
You were hungry.

You visited 1 branch of the dungeon, and saw 11 of its levels.
You visited the Abyss 1 time.
You also visited: Ossuary and Bailey.

You collected 688 gold pieces.

Inventory:

Hand Weapons
 G - a +2 dagger of venom
 L - a +0 war axe of flaming
 N - a +1 broad axe (weapon)
Missiles
 m - a boomerang of dispersal (quivered)
 y - 14 poisoned darts
 K - 29 boomerangs
Armour
 a - the +3 pair of gauntlets of War (worn) {Slay+5}
   (You acquired it on level 10 of the Dungeon)

   It affects your accuracy and damage with ranged weapons and melee attacks
   (+5).
 E - +0 swamp dragon scales
 H - a +0 cloak (worn)
 I - the +6 chain mail of the Shrike (worn) {MR+ Str+2}
   (You found it on level 8 of the Dungeon)

   It affects your strength (+2).
   It affects your resistance to hostile enchantments.
 M - a +3 kite shield of protection (worn)
Magical Staves
 O - an uncursed staff of earth
Jewellery
 k - an uncursed amulet of faith
 l - an uncursed ring of fire
 z - a ring of protection from magic (right hand)
Wands
 v - a wand of flame (24)
 x - a wand of iceblast (1)
 F - a wand of acid (1)
Scrolls
 b - 4 scrolls of remove curse
 e - 6 scrolls of identify
 f - 4 scrolls of fog
 i - a scroll of vulnerability
 j - 3 scrolls of teleportation
 t - 4 scrolls of amnesia
 A - 2 scrolls of immolation
Potions
 d - a potion of mutation
 g - 3 potions of magic
 n - a potion of lignification
 o - 2 potions of might
 p - 3 potions of heal wounds
 q - a potion of invisibility
 r - 2 potions of curing
 s - a potion of brilliance
 u - 3 potions of flight
 w - a potion of ambrosia
 B - 13 potions of degeneration
Comestibles
 c - 24 rations


   Skills:
 - Level 7.7 Fighting
 + Level 10.2 Axes
 - Level 7.3 Armour
 - Level 0.8 Dodging
 - Level 9.0 Shields
 - Level 9.2 Invocations
 - Level 6.3 Evocations


You had 10 spell levels left.
You didn't know any spells.
Your spell library contained the following spells:

 Spells                   Type           Power        Failure   Level  Hunger
 Animate Skeleton         Necr           N/A          91%         1    ##.....
 Corona                   Hex            #......      91%         1    ##.....
 Pain                     Necr           #...         91%         1    ##.....
 Vampiric Draining        Necr           #.........   100%        3    ####...
 Animate Dead             Necr           N/A          100%        4    #####..
 Agony                    Necr           #.......     100%        5    ######.
 Bolt of Magma            Conj/Fire/Erth #.........   100%        5    ######.
 Iskenderun's Battlesphe  Conj/Chrm      #.......     100%        5    ######.
 Iron Shot                Conj/Erth      #.........   100%        6    #######
 Orb of Destruction       Conj           #.........   100%        7    #######
 Spellforged Servitor     Conj/Summ      #.........   100%        7    #######


Dungeon Overview and Level Annotations

Branches:
Dungeon (11/15)            Temple (0/1) D:7            Lair (0/6) D:8
    Orc (0/2) D:9         Ossuary (visited)          Bailey (visited)

Altars:
Ashenzari
Cheibriados
Gozag
Hepliaklqana
Kikubaaqudgha
Nemelex Xobeh
Okawaru
Qazlal
Sif Muna
Trog
Vehumet
Wu Jian
Yredelemnul
Zin
The Shining One
Beogh

Shops:
D:9 :

Annotations:
D:10 corrupted
D:11 Fannar


Innate Abilities, Weirdness & Mutations

You cannot be hasted, slowed, berserked, paralysed or teleported.
You can dig through walls and to a lower floor.
Your four strong arms can wield two-handed weapons with a shield.
You have a pair of large antennae on your head. (SInv)
Your mind is acute. (Int +2)
Your body sometimes deteriorates upon taking damage.


Message History

You block Fannar's attack.
You slash Fannar!
Fannar is severely wounded.
Fannar casts a spell.
Fannar drains the heat from the surrounding environment!
You feel very cold.
* * * LOW HITPOINT WARNING * * *
Fannar is frozen.
Fannar resists.
You closely miss Fannar.
Fannar is severely wounded.
Fannar hits you with a +0 quarterstaff of freezing!
* * * LOW HITPOINT WARNING * * *
Fannar freezes you.
* * * LOW HITPOINT WARNING * * *
You miss Fannar.
Fannar is severely wounded.
Fannar casts a spell.
Fannar drains the heat from the surrounding environment!
You feel very cold.
You die...

.# .# .#
# # .#.#
.$ .#8#.#
.....##
##.......
#@e..".#
########
{


You could see Fannar (icy armour).

Vanquished Creatures
  A two-headed ogre (D:10)
  An unseen horror (D:9)
  Pikel (D:7)
  A manticore (D:10)
  Maurice (D:8)
  Psyche (D:10)
  Maggie (D:8)
  A freezing wraith (D:10)
  A queen bee (D:10)
  3 hippogriffs
  A wraith (D:11)
  Grum (D:10)
  2 hungry ghosts
  Edmund (D:5)
  A two-headed ogre zombie (D:9)
  A water moccasin (D:11)
  2 sky beasts
  An ice beast (D:5)
  2 orc warriors (D:9)
  2 slaves (D:7)
  3 phantoms
  2 wolves (D:10)
  7 ogres
  5 centaurs
  3 elf zombies (Ossuary)
  3 big kobolds
  3 bullfrogs
  A wyvern skeleton (D:10)
  2 troll zombies (D:9)
  3 scorpions
  4 killer bees (D:10)
  4 wights (D:8)
  2 bullfrog zombies
  2 crimson imps
  5 hounds
  2 centaur zombies
  2 orc priests (D:9)
  2 centaur skeletons
  6 jellies
  3 orc wizards
  2 bullfrog skeletons
  A gnoll shaman (D:5)
  5 iguanas
  5 worker ants
  5 ogre zombies (D:9)
  A big kobold zombie (Ossuary)
  2 mummies (Ossuary)
  A worker ant zombie (D:5)
  Robin (D:3)
  4 gnolls (D:5)
  11 adders
  2 shadow imps (D:8)
  6 oozes
  A worm zombie (D:7)
  3 adder zombies
  A worm (D:4)
  3 dart slugs
  4 leopard geckos
  21 orcs
  A ball python (D:2)
  9 bats
  4 giant cockroaches
  6 goblins
  16 hobgoblins
  8 jackals
  16 kobolds
  2 quokkas
  6 frilled lizards
  A goblin skeleton (D:9)
  4 goblin zombies
  13 hobgoblin zombies
  9 kobold zombies (Ossuary)
  5 orc skeletons (D:9)
  22 orc zombies
  5 rats
  A rat zombie (Ossuary)
297 creatures vanquished.

Vanquished Creatures (others)
  Erica (D:10)
  The ghost of iamserjio the Martial Artist, a novice OpTm of Sif Muna (D:9)
  An unseen horror (D:10)
  An orc knight (Bailey)
  6 orc warriors
  A sky beast (D:10)
  13 killer bees (D:10)
  A crimson imp (D:10)
  An orc wizard (D:10)
  A gnoll (D:10)
  An adder (D:10)
  5 orcs
  4 hobgoblins (Bailey)
  6 goblins
  13 kobolds (Bailey)
  2 starspawn tentacles (D:10)
58 creatures vanquished.

Grand Total: 355 creatures vanquished

Notes
Turn   | Place    | Note
-------+----------+-------------------------------------------
     0 | Abyss:1  | tyburn the Formicid Abyssal Knight began the quest for the
                  | Orb.
     0 | Abyss:1  | Reached XP level 1. HP: 18/18 MP: 2/2
     0 | Abyss:1  | Found a corrupted altar of Lugonu.
    29 | Abyss:1  | Noticed a tentacled starspawn
    29 | Abyss:1  | Noticed a tentacled starspawn
    38 | D:1      | Escaped the Abyss
   133 | D:1      | Reached XP level 2. HP: 24/24 MP: 3/3
   196 | D:1      | Reached skill level 3 in Axes
   318 | D:1      | Reached XP level 3. HP: 29/29 MP: 4/4
  1261 | D:2      | Reached skill level 4 in Axes
  1261 | D:2      | Reached XP level 4. HP: 32/35 MP: 5/5
  1293 | D:2      | Found a shattered altar of Ashenzari.
  1686 | D:2      | Reached ** piety under Lugonu
  1942 | D:2      | Reached XP level 5. HP: 41/41 MP: 6/6
  2052 | D:3      | Reached skill level 5 in Axes
  2279 | D:3      | Noticed Robin
  2316 | D:3      | Killed Robin
  2422 | D:3      | Found an iron altar of Okawaru.
  3486 | D:4      | Noticed an ogre
  3496 | D:4      | Killed an ogre
  3496 | D:4      | Reached XP level 6. HP: 46/50 MP: 7/7
  3543 | D:4      | Reached skill level 5 in Fighting
  3598 | D:4      | Found a shattered altar of Ashenzari.
  3701 | D:5      | Entered Level 5 of the Dungeon
  3701 | D:5      | Noticed a phantom
  3989 | D:5      | Reached XP level 7. HP: 12/56 MP: 8/8
  4331 | D:5      | Reached skill level 6 in Axes
  5413 | D:5      | Noticed Edmund
  5896 | D:6      | Reached XP level 8. HP: 32/62 MP: 11/11
  6666 | D:7      | Reached skill level 7 in Axes
  6678 | D:7      | Reached *** piety under Lugonu
  6783 | D:7      | Found a glowing silver altar of Zin.
  6790 | D:7      | Found a sand-covered staircase.
  6808 | D:7      | Reached skill level 5 in Invocations
  6833 | Ossuary  | Entered an ossuary
  7044 | Ossuary  | Reached skill level 1 in Evocations
  7047 | Ossuary  | Gained mutation: Your body sometimes deteriorates upon
                  | taking damage. [potion of mutation]
  7047 | Ossuary  | Gained mutation: Your mind is acute. (Int +2) [potion of
                  | mutation]
  7050 | Ossuary  | Reached **** piety under Lugonu
  7553 | D:7      | Reached XP level 9. HP: 41/68 MP: 14/14
  7730 | D:7      | Found a staircase to the Ecumenical Temple.
  8033 | D:7      | Noticed Pikel
  8049 | D:7      | Killed Pikel
  8363 | D:5      | Reached skill level 8 in Axes
  8654 | D:5      | Found a snail-covered altar of Cheibriados.
  8671 | D:5      | Found a radiant altar of Vehumet.
  8671 | D:5      | Found an ancient bone altar of Kikubaaqudgha.
  8672 | D:5      | Found a shimmering blue altar of Sif Muna.
  8686 | D:5      | Identified Sif Muna's Reference Book on Glamour
  8910 | D:5      | Killed Edmund
  9351 | D:8      | Reached ***** piety under Lugonu
  9385 | D:8      | Found a snail-covered altar of Cheibriados.
  9439 | D:8      | Found a glowing golden altar of the Shining One.
  9446 | D:8      | Found an ornate altar of the Wu Jian Council.
  9446 | D:8      | Found a bloodstained altar of Trog.
  9460 | D:8      | Found a sparkling altar of Nemelex Xobeh.
  9593 | D:8      | Noticed a hippogriff
  9606 | D:8      | Killed a hippogriff
  9610 | D:8      | Found a staircase to the Lair.
  9827 | D:8      | Noticed Maggie
  9847 | D:8      | Killed Maggie
  9847 | D:8      | Reached skill level 5 in Armour
  9847 | D:8      | Reached XP level 10. HP: 72/76 MP: 15/15
  9866 | D:8      | Found a stormy altar of Qazlal.
 10285 | D:8      | Reached skill level 1 in Shields
 10439 | D:8      | Noticed Maurice
 10447 | D:8      | Killed Maurice
 10626 | D:8      | Got a scorched chain mail
 10627 | D:8      | Identified the +6 chain mail of the Shrike {MR+ Str+2} (You
                  | found it on level 8 of the Dungeon)
 10687 | D:8      | Found a hazy altar of Hepliaklqana.
 11298 | D:9      | Found an opulent altar of Gozag.
 11615 | D:9      | Found Juojoqept's Book Boutique.
 11990 | D:9      | Found a staircase to the Orcish Mines.
 12103 | D:9      | Found a runed translucent gate.
 12103 | D:9      | Found a runed translucent gate.
 12111 | D:9      | Found a runed translucent gate.
 12113 | D:9      | Identified the cursed +1 glaive of Giogryxt {drain, +Inv}
 12115 | D:9      | Found a roughly hewn altar of Beogh.
 12116 | D:9      | Noticed iamserjio's ghost (novice OpTm)
 12131 | D:9      | Banished iamserjio's ghost
 12535 | D:9      | Reached XP level 11. HP: 80/84 MP: 17/17
 12707 | D:9      | Reached skill level 5 in Shields
 12813 | D:10     | Entered Level 10 of the Dungeon
 12813 | D:10     | Noticed an unseen horror
 12813 | D:10     | Noticed a manticore
 12832 | D:9      | Killed an unseen horror
 13016 | D:10     | Found a basalt altar of Yredelemnul.
 13047 | D:10     | Reached skill level 9 in Axes
 13048 | D:10     | Killed a manticore
 13108 | D:10     | Noticed a two-headed ogre
 13117 | D:10     | Killed a two-headed ogre
 13160 | D:10     | Noticed Psyche
 13169 | D:10     | Killed Psyche
 13262 | D:10     | Noticed an unseen horror
 13264 | D:10     | Noticed Erica
 13279 | D:10     | Corrupted D:10
 13279 | D:10     | Noticed a large abomination
 13279 | D:10     | Noticed a blizzard demon
 13279 | D:10     | Noticed a large abomination
 13279 | D:10     | Noticed a large abomination
 13279 | D:10     | Noticed a tentacled starspawn
 13279 | D:10     | Noticed a thrashing horror
 13279 | D:10     | Noticed a black draconian stormcaller
 13279 | D:10     | Noticed an unseen horror
 13279 | D:10     | Noticed a starcursed mass
 13279 | D:10     | Noticed a large abomination
 13280 | D:10     | Noticed a thrashing horror
 13283 | D:10     | Killed an unseen horror
 13285 | D:10     | Noticed a starcursed mass
 13285 | D:10     | Killed Erica
 13298 | D:10     | Found a flagged portal.
 13299 | D:10     | Noticed a starcursed mass
 13316 | Bailey   | Entered a bailey
 13588 | Bailey   | Noticed an orc knight
 13605 | Bailey   | Corrupted Bailey
 13605 | Bailey   | Noticed a starcursed mass
 13605 | Bailey   | Noticed a shadow dragon
 13605 | Bailey   | Noticed a thrashing horror
 13605 | Bailey   | Noticed a bone dragon
 13605 | Bailey   | Noticed a thrashing horror
 13607 | Bailey   | Noticed a brown very ugly thing
 13616 | Bailey   | Killed an orc knight
 13618 | Bailey   | Noticed a large abomination
 13618 | Bailey   | Noticed an orb spider
 13623 | Bailey   | Noticed a rakshasa
 13625 | Bailey   | Noticed a thrashing horror
 13648 | Bailey   | Noticed a tentacled monstrosity
 13651 | Bailey   | Noticed a starcursed mass
 14047 | D:10     | Noticed Grum
 14055 | D:10     | Killed Grum
 14069 | D:10     | Identified a scroll of acquirement
 14071 | D:10     | Found the +3 pair of gauntlets of War {Slay+5}
 14071 | D:10     | Got the +3 pair of gauntlets of War {Slay+5}
 14262 | D:11     | Reached skill level 10 in Axes
 14271 | D:11     | Noticed a skeletal warrior
 14559 | D:11     | Noticed Fannar
 14640 | D:11     | Killed from afar by Fannar

Illustrated notes

Levels and vault maps discovered:
D:1:      minmay_arrival_glassed_features, layout_basic
D:2:      layout_rooms, marbit_many_paths
D:3:      layout_basic, okawaru_ov_weapons_minmay, uniq_robin
D:4:      layout_basic, first_ration, cheibrodos_ashenzari_chains
D:5:      layout_rooms, grunt_temple_overflow_magic_moments, basic_altar,
          ebering_dispersal_statue_hall, grunt_decor_arrowhead, uniq_edmund
D:6:      layout_rooms
D:7:      layout_rooms, nicolae_overflow_hidden_temple,
          minmay_temple_entry_statues, enter_ossuary_3, uniq_pikel
D:8:      layout_loops_cross, nicolae_qazlal_general_emergency,
          chequers_temple_overflow_statue_of_worship, kennysheep_mini_moat,
          lair_entry_dummy, basic_altar, uniq_maggie, uniq_maurice
D:9:      layout_irregular_city, lemuel_coloured_pillars_altar,
          zombieorc2_lemuel, biasface_ghost_orc_armoury, serial_shops,
          shop_fountains, hangedman_little_slice_of_home,
          kennysheep_generic_room_8
D:10:     layout_cave_pools, basic_altar, special_room [special_room_bee],
          enter_bailey_7, uniq_grum, uniq_erica, uniq_psyche
D:11:     layout_basic, lemuel_statue_altar, uniq_fannar

Skill      XL: |  1  2  3  4  5  6  7  8  9 10 11 |
---------------+----------------------------------+-----
Axes           | 3 4 5 6 7 8 10 | 10.2
Fighting       | 4 5 7 |  7.7
Invocations    | 4 6 7 9 |  9.2
Evocations     | 2 6 |  6.3
Armour         | 5 7 |  7.3
Shields        | 4 9 |  9.0
Dodging        | |  0.8

Action                   |  1- 3 |  4- 6 |  7- 9 | 10-12 || total
-------------------------+-------+-------+-------+-------++-------
Melee: Hand axe          |    82 |   183 |   525 |   183 ||   973
       Whip              |       |       |    75 |   179 ||   254
       War axe           |       |       |       |   139 ||   139
       Broad axe         |       |       |       |    66 ||    66
Throw: Boomerang         |     2 |    20 |       |       ||    22
       Dart              |       |    10 |       |       ||    10
Invok: Banish            |       |       |       |     1 ||     1
       Corrupt           |       |       |       |     2 ||     2
 Abil: Dig               |       |       |       |     2 ||     2
Evoke: Wand              |       |       |     8 |    17 ||    25
  Use: Scroll            |       |       |    15 |     7 ||    22
       Potion            |       |       |     9 |     1 ||    10
 Stab: Paralysed         |       |       |    35 |    17 ||    52
       Invisible         |       |       |     3 |       ||     3
       Sleeping          |       |       |     3 |       ||     3
  Eat: Chunk             |     1 |     8 |    11 |    15 ||    35
       Ration            |       |       |     3 |     3 ||     6
Armor: Leather armour    |    41 |    10 |       |       ||    51
       Ring mail         |       |    37 |    39 |       ||    76
       Steam dragon scal |       |       |   114 |       ||   114
       Skin              |       |       |    31 |       ||    31
       Chain mail        |       |       |       |   327 ||   327
       Swamp dragon scal |       |       |       |    22 ||    22
Dodge: Dodged            |    72 |   102 |   253 |   205 ||   632
Block: Kite shield       |       |       |       |   222 ||   222

Table legend:
 A = Non-vault XP
 B = Vault XP
 C = Vault XP percentage of total XP
 D = Non-vault monster count
 E = Vault monster count
 F = Vault count percentage of total count
                 A         B        C        D         E       F
            +---------+---------+-------+---------+---------+-------
      Total |    9116 |    5979 |  39.6 |     181 |     117 |  39.3
            +---------+---------+-------+---------+---------+-------
        D:1 |      48 |       0 |   0.0 |      25 |       0 |   0.0
        D:2 |      99 |       2 |   2.0 |      22 |       1 |   4.3
        D:3 |      62 |      30 |  32.6 |      15 |       8 |  34.8
        D:4 |     340 |       0 |   0.0 |       8 |       0 |   0.0
        D:5 |     707 |     166 |  19.0 |      23 |       1 |   4.2
        D:6 |     180 |       0 |   0.0 |       9 |       0 |   0.0
        D:7 |     570 |     636 |  52.7 |      15 |       2 |  11.8
        D:8 |    1186 |    1041 |  46.7 |      21 |       3 |  12.5
        D:9 |    1637 |    1924 |  54.0 |      15 |      54 |  78.3
       D:10 |    3914 |    1784 |  31.3 |      26 |      10 |  27.8
       D:11 |     373 |       0 |   0.0 |       2 |       0 |   0.0
    Ossuary |       0 |     396 | 100.0 |       0 |      38 | 100.0
            +---------+---------+-------+---------+---------+-------
